 Dungeon Crawl Stone Soup version 0.27-a0-1206-g6342a01c75 (webtiles) character file.

Game seed: 6871241144358832514

63 Glokmah the Grasshopper (level 4, -11/34 HPs)
             Began as a Human Warper on June 5, 2021.
             Was a Follower of Vehumet.
             Killed by divine providence
             ... invoked by an orc priest
              (12 damage)
             ... on level 2 of the Dungeon.
             The game lasted 00:03:50 (2545 turns).

Glokmah the Grasshopper (Human Warper)              Turns: 2545, Time: 00:03:51

Health: -11/34     AC:  3    Str: 12    XL:     4   Next: 31%
Magic:  6/7        EV: 12    Int: 14    God:    Vehumet [*.....]
Gold:   70         SH:  0    Dex: 12    Spells: 4/7 levels left

rFire    . . .     SeeInvis .   a - +0 spear
rCold    . . .     Faith    .   (no shield)
rNeg     . . .     Spirit   .   h - +0 robe
rPois    .         Reflect  .   (no helmet)
rElec    .         Harm     .   (no cloak)
rCorr    .         Rampage  .   (no gloves)
Will     .....                  k - +0 pair of boots
Stlth    +.........             (no amulet)
HPRegen  0.11/turn              j - +4 ring of slaying
MPRegen  0.10/turn              (no ring)

@: hasted, very quick
A: no striking features
a: Renounce Religion


You were on level 2 of the Dungeon.
You worshipped Vehumet.
Vehumet was aware of your devotion.
You visited 1 branch of the dungeon, and saw 3 of its levels.

You collected 70 gold pieces.

Inventory:

Hand Weapons
 a - a +0 spear (weapon)
Missiles
 e - 4 boomerangs of dispersal
Armour
 h - a +0 robe (worn)
 k - a +0 pair of boots (worn)
Jewellery
 j - a +4 ring of slaying (left hand)
Wands
 b - a wand of flame (7)
Scrolls
 d - a scroll of blinking
 g - a scroll of identify {unknown}
 i - a scroll of enchant weapon {unknown}
Potions
 c - a potion of lignification {unknown}
 f - a potion of haste
 l - a potion of brilliance {unknown}


   Skills:
 + Level 2.4 Fighting
 - Level 2.2 Polearms
 - Level 1.0 Throwing
 - Level 1.0 Armour
 - Level 2.0 Dodging
 + Level 2.4 Spellcasting
 * Level 1.5 Conjurations
 - Level 3.3 Translocations
 + Level 1.1 Air Magic


You had 4 spell levels left.
You knew the following spells:

 Your Spells              Type           Power      Damage    Failure   Level
a - Shock                 Conj/Air       20%        1d4       13%         1
b - Blink                 Tloc           N/A        N/A       9%          2

Your spell library contained the following spells:

 Spells                   Type           Power      Damage    Failure   Level
 Gell's Gravitas          Tloc           5%         N/A       17%         3
 Lesser Beckoning         Tloc           5%         N/A       17%         3
 Teleport Other           Tloc           11%        N/A       17%         3
 Manifold Assault         Tloc           11%        N/A       85%         5


Dungeon Overview and Level Annotations

Branches:
Dungeon (3/15)

Altars:
Vehumet

Shops:
D:1 ?


Message History

You climb downwards. 2 orcs and an orc priest come into view.
The orc shouts!
There is a stone staircase leading up here.
The orc priest hits you with a +0 flail!
The orc barely misses you.
You climb upwards.
There is a stone staircase leading down here.
You hit the orc priest.
The orc priest is lightly wounded.
The orc priest hits you with a +0 flail.
The orc hits you with a +0 flail.
You hit the orc priest.
The orc priest is lightly wounded.
The orc priest hits you with a +0 flail!
The orc closely misses you.
You hit the orc priest.
The orc priest is heavily wounded.
The orc priest misses you. The orc hits you with a +0 flail.
* * * LOW HITPOINT WARNING * * *
The orc priest hits you with a +0 flail!
* * * LOW HITPOINT WARNING * * *
It was a potion of haste.
You feel yourself speed up. The orc priest misses you.
The orc barely misses you.
Casting: Shock (safe; 13% risk of failure)
Confirm with . or Enter, or press ? or * to list all spells.
Aiming: Shock (safe; 13% risk of failure)
Press: ? - help, Shift-Dir - straight line
Okay, then.
Casting: Shock (safe; 13% risk of failure)
Confirm with . or Enter, or press ? or * to list all spells.
Aiming: Shock (safe; 13% risk of failure)
Press: ? - help, Shift-Dir - straight line The zap hits the orc priest.
The orc priest is severely wounded.
The zap hits the orc priest.
The orc priest is almost dead.
The orc priest calls down the wrath of Beogh upon you.
Beogh smites you!
You die...

#.######...#...... #.#
#...#...... #########.###
#...#...### #...........#
#####...# #.#######.#.#
#...### #.# #.#.#
####...#.. #.#
#.#.#####........# #.#
#oo.....'....)....
#.#######@#.#####........#
#.......#.#.# #........#
#######.#.#.# #........#
#.....#.#.# #........#
##.#####.#.# #........#
#....#.#.#.# #........#
#....#.#.#.# #........#
#...['.#...# ########..
#....#.##### ###


You could see an orc priest and an orc.

Vanquished Creatures
  3 adders (D:2)
  A dart slug (D:1)
  2 ball pythons (D:1)
  7 endoplasms
  2 giant cockroaches (D:2)
  3 goblins
  A hobgoblin (D:2)
  4 kobolds
  2 quokkas (D:2)
  A bat (D:1)
  A frilled lizard (D:2)
  5 rats
32 creatures vanquished.

Notes
Turn   | Place    | Note
-------+----------+-------------------------------------------
     0 | D:1      | Glokmah the Human Warper began the quest for the Orb.
     0 | D:1      | Reached XP level 1. HP: 16/16 MP: 3/3
   126 | D:1      | Found Cudoma's Magic Scroll Shoppe.
   237 | D:1      | Reached XP level 2. HP: 20/22 MP: 5/5
   240 | D:1      | Learned a level 2 spell: Blink
   384 | D:1      | Found a faded altar of an unknown god.
   436 | D:1      | Became a worshipper of Vehumet
   436 | D:1      | Reached * piety under Vehumet
   436 | D:1      | Offered knowledge of Shock by Vehumet.
   439 | D:1      | Learned a level 1 spell: Shock
  1159 | D:2      | Reached XP level 3. HP: 27/27 MP: 6/6
  1480 | D:2      | Reached skill level 1 in Conjurations
  1913 | D:2      | Reached skill level 1 in Air Magic
  1913 | D:2      | Reached XP level 4. HP: 14/34 MP: 0/7
  2449 | D:3      | Noticed a phantom
  2543 | D:2      | HP: 1/34 [orc priest/+0 flail (8)]
  2545 | D:2      | Killed from afar by an orc priest

Illustrated notes

Levels and vault maps discovered:
D:1:      dpeg_arrival_rhombus, layout_basic, serial_shops, nicolae_shop_stone,
          basic_ecumenical_altar, kennysheep_decorative_pillar,
          minmay_misc_feat_ornament
D:2:      layout_basic, hangedman_decor_points, guppyfry_early_lair_pool
D:3:      layout_rooms, kennysheep_nub, minmay_joined_circles

Skill      XL: |  1  2  3 |
---------------+----------+-----
Conjurations   | 1 |  1.5
Air Magic      | 1 |  1.1
Fighting       | |  2.4
Polearms       | |  2.2
Throwing       | |  1.0
Armour         | |  1.0
Dodging        | |  2.0
Spellcasting   | |  2.4
Translocations | |  3.3

Action                   |  1- 3 |  4- 6 || total
-------------------------+-------+-------++-------
Melee: Spear             |    66 |     4 ||    70
Throw: Boomerang         |     1 |       ||     1
 Cast: Shock             |    19 |     4 ||    23
       Blink             |     1 |       ||     1
Evoke: Wand              |     1 |       ||     1
  Use: Potion            |       |     1 ||     1
 Stab: Sleeping          |     2 |     1 ||     3
Armor: Leather armour    |     4 |       ||     4
       Robe              |     2 |       ||     2
Dodge: Dodged            |    30 |     7 ||    37

Table legend: (Time is in decaauts)
 A = Elapsed time spent in this place.
 B = Non-inter-level travel time spent in this place.
 C = Inter-level travel time spent in this place.
 D = Time resting spent in this place.
 E = Time spent auto-exploring this place.
 F = Levels seen in this place.
 G = Mean time per level.
                   A        B        C        D        E       F      G
               +--------+--------+--------+--------+--------+-----+--------+
         Total |   2550 |   2232 |    318 |    505 |   1424 |   3 |  850.0 |
       Dungeon |   2550 |   2232 |    318 |    505 |   1424 |   3 |  850.0 |
               +--------+--------+--------+--------+--------+-----+--------+

Top non-repeatable levels by time:
     D:2: 1464 daAuts
     D:1: 1078 daAuts
     D:3: 7 daAuts
